 Dungeon Crawl Stone Soup version 0.21.1-1-g345015f (webtiles) character file.

202 Kagorn the Skirmisher (level 5, -4/34 HPs)
             Began as a Gargoyle Berserker on June 11, 2018.
             Was a Believer of Trog.
             Slain by Sigmund
             ... wielding a +0 scythe of venom
              (5 damage)
             ... on level 3 of the Dungeon.
             The game lasted 00:11:21 (1505 turns).

Kagorn the Skirmisher (Gargoyle Berserker)          Turns: 1505, Time: 00:11:22

Health: -4/34      AC: 11    Str: 21    XL:     5   Next: 80%
Magic:  5/5        EV: 10    Int:  7    God:    Trog [**....]
Gold:   242        SH:  0    Dex: 10    Spells: 4/4 levels left

rFire    . . .     SeeInvis .   a - +0 mace
rCold    . . .     Gourm    .   (no shield)
rNeg     + . .     Faith    .   h - +0 scale mail
rPois    ∞         Spirit   .   (no helmet)
rElec    +         Reflect  .   (no cloak)
rCorr    .         Harm     .   (no gloves)
MR       .....                  l - +0 pair of boots
Stlth    ..........             (no amulet)
HPRegen  0.11/turn              (no ring)
MPRegen  0.09/turn              (no ring)

@: berserk cooldown, slowed, very slow
A: negative energy resistance 1, electricity resistance, unbreathing,
petrification resistance, rot immunity, AC +4
a: Berserk, Trog's Hand, Burn Spellbooks, Renounce Religion


You were on level 3 of the Dungeon.
You worshipped Trog.
Trog was pleased with you.
You were very hungry.

You visited 1 branch of the dungeon, and saw 3 of its levels.

You collected 242 gold pieces.

Inventory:

Hand Weapons
 a - a +0 mace (weapon)
Armour
 h - a +0 scale mail (worn)
 l - a +0 pair of boots (worn)
Scrolls
 b - a scroll of remove curse {unknown}
 c - a scroll of immolation {unknown}
 e - a scroll of magic mapping {unknown}
 f - 4 scrolls of identify
 i - a scroll of enchant weapon {unknown}
 j - a scroll of fog {unknown}
Potions
 d - 2 potions of curing
 g - a potion of ambrosia {unknown}
Comestibles
 k - 3 rations


   Skills:
 * Level 4.5 Fighting
 * Level 4.2 Maces & Flails
 + Level 3.1 Armour
 + Level 2.2 Dodging
 + Level 2.1 Stealth


You had 4 spell levels left.
You didn't know any spells.

Dungeon Overview and Level Annotations

Branches:
Dungeon (3/15)

Altars:

Annotations:
D:3 Grinder, Sigmund


Innate Abilities, Weirdness & Mutations

You are resistant to torment.
Your stone body is resilient. (AC +4)
You are immune to poison.
You resist negative energy. (rN+)
You are resistant to electric shocks. (rElec)
You can survive without breathing.
You are immune to petrification.
You are immune to rotting.


Message History

Sigmund flickers and vanishes!
Deactivating autopickup; reactivate with Ctrl-A.
Grinder blinks!
Something hits you! Something hits you.
* * * LOW HITPOINT WARNING * * *
Things that are here:
a spear; a potion of curing; 12 gold pieces You sock Grinder!
Grinder is severely wounded.
Grinder blinks!
Something hits you but does no damage.
Grinder says, "I used to sell toenails on the black market."
Grinder gestures at you. You resist with significant effort.
Something hits you!
* * * LOW HITPOINT WARNING * * *
Something hits you but does no damage.
Grinder blinks!
Things that are here:
a spear; a potion of curing; 12 gold pieces Something hits you.
You die...

..(..##..........#
...........#####.#
......####.# #.#
.......###.# #<#
.........#.# #.#
.<.....#.#.# #.#
.......#.#.# #.#
.....#.# #.# #.#
....##.# #.#####@#
.##.# #
#......)##.#### .##.#
######..{...... .##.#
...........####
....###########..####
....)...# #..#
.######.# #.§# .# ..
..!# .# ## ##.#


There were no monsters in sight!

Vanquished Creatures
  The ghost of inc the Digger, an amateur OpEE (D:3)
  An orc wizard (D:3)
  2 adders (D:2)
  An ooze (D:3)
  A worm (D:2)
  2 dart slugs (D:2)
  A leopard gecko (D:1)
  3 orcs (D:3)
  3 giant cockroaches
  11 goblins
  6 hobgoblins
  10 jackals
  A quokka (D:2)
  A ball python (D:2)
  9 bats
  A frilled lizard (D:3)
  5 kobolds
  7 rats
66 creatures vanquished.

Notes
Turn   | Place    | Note
-------+----------+-------------------------------------------
     0 | D:1      | Kagorn the Gargoyle Berserker began the quest for the Orb.
     0 | D:1      | Reached XP level 1. HP: 14/14 MP: 1/1
    92 | D:1      | Reached XP level 2. HP: 19/19 MP: 2/2
   587 | D:2      | Reached ** piety under Trog
   587 | D:2      | Reached XP level 3. HP: 24/24 MP: 3/3
   732 | D:2      | Reached skill level 1 in Stealth
   977 | D:2      | Reached XP level 4. HP: 14/29 MP: 4/4
  1295 | D:3      | Noticed inc's ghost (amateur OpEE)
  1307 | D:3      | Killed inc's ghost
  1307 | D:3      | Reached XP level 5. HP: 34/34 MP: 5/5
  1466 | D:3      | Noticed Grinder
  1475 | D:3      | Paralysed by Grinder for 5 turns
  1496 | D:3      | Noticed Sigmund
  1503 | D:3      | HP: 1/34 [something (7)]
  1505 | D:3      | Slain by Sigmund

Skill      XL: |  1  2  3  4  5 |
---------------+----------------+-----
Stealth        | 1 2 |  2.1
Fighting       | 4 |  4.5
Dodging        | 2 |  2.2
Maces & Flails | 4 |  4.2
Armour         | 3 |  3.1

Action                   |  1- 3 |  4- 6 || total
-------------------------+-------+-------++-------
Melee: Mace              |   124 |   106 ||   230
Invok: Berserk           |       |     3 ||     3
       Trog's Hand       |       |     3 ||     3
  Use: Scroll            |       |     1 ||     1
  Eat: Ration            |       |     1 ||     1
       Chunk             |       |     1 ||     1
Armor: Animal skin       |    30 |       ||    30
       Scale mail        |   104 |   113 ||   217
Dodge: Dodged            |   166 |   120 ||   286
